 Dungeon Crawl Stone Soup version 0.30-a0-374-g95c0257 (webtiles) character file.

Game seed: 10602092874807584062

4694 Dorkslayer the Cleaver (level 10, 0/86 HPs)
             Began as a Hill Orc Fighter on Nov 24, 2022.
             Was an Initiate of Gozag.
             Incinerated by a deep elf pyromancer (3 damage)
             ... with a sticky flame
             ... on level 9 of the Dungeon.
             The game lasted 00:23:19 (8001 turns).

Dorkslayer the Cleaver (Hill Orc Fighter)           Turns: 8001, Time: 00:23:19

Health: 0/86       AC: 15    Str: 22    XL:     10   Next: 44%
Magic:  10/10      EV:  8    Int: 10    God:    Gozag
Gold:   632        SH:  6    Dex: 10    Spells: 9/9 levels left

rFire   . . .      SeeInvis .    t - +1 war axe (drain)
rCold   . . .      Faith    .    c - +1 buckler
rNeg    . . .      Spirit   .    r - +0 chain mail
rPois   .          Reflect  .    (no helmet)
rElec   .          Harm     .    x - +0 cloak
rCorr   .          Rampage  .    (no gloves)
Will    .....                    (no boots)
Stlth   ..........               (no amulet)
HPRegen 0.34/turn                n - +4 ring of protection
MPRegen 0.12/turn                (no ring)

@: mighty, on fire, gold aura, glowing
A: no striking features
a: Renounce Religion, Potion Petition, Call Merchant, Bribe Branch


You were on level 9 of the Dungeon.
You worshipped Gozag.
Gozag was pleased with you.
You visited 2 branches of the dungeon, and saw 10 of its levels.

You collected 782 gold pieces.
You paid 150 gold pieces to Gozag.

Inventory:

Hand Weapons
 a - a +3 hand axe of freezing
 t - a +1 war axe of draining (weapon)
 u - a +2 flail of holy wrath
Missiles
 g - 2 boomerangs (quivered)
 p - 6 curare-tipped darts
 v - 2 throwing nets
Armour
 c - a +1 buckler (worn)
 r - a +0 chain mail (worn)
 x - a +0 cloak (worn)
Jewellery
 i - an amulet of guardian spirit
 n - a +4 ring of protection (left hand)
Wands
 k - a wand of flame (20)
 y - a wand of paralysis (2)
Scrolls
 d - a scroll of magic mapping
 e - a scroll of fog
 f - a scroll of poison
 l - 2 scrolls of blinking
 m - 4 scrolls of teleportation
 s - a scroll of immolation {unknown}
 A - a scroll of enchant weapon {unknown}
 B - a scroll of fear {unknown}
Potions
 b - a potion of curing
 h - 2 potions of mutation
 j - 2 potions of brilliance
 o - a potion of lignification
 w - a potion of magic


   Skills:
 + Level 7.5 Fighting
 + Level 12.0 Axes
 + Level 0.3 Throwing
 + Level 7.0 Armour
 + Level 3.1 Dodging
 + Level 1.9 Stealth
 + Level 5.7 Shields
 * Level 6.1 Evocations


You had 9 spell levels left.
You didn't know any spells.
Your spell library contained the following spells:

 Spells                   Type           Power      Damage    Failure   Level
 Apportation              Tloc           0%         N/A       98%         1
 Kiss of Death            Conj/Necr      0%         2d5       98%         1
 Shock                    Conj/Air       0%         1d3       98%         1
 Sting                    Tmut/Pois      0%         1d3       98%         1
 Cigotuvi's Dreadful Rot  Necr/Pois/Air  0%         N/A       99%         2
 Poisonous Vapours        Pois/Air       0%         N/A       99%         2
 Confusing Touch          Hex            0%         N/A       100%        3
 Ozocubu's Armour         Ice            0%         N/A       100%        3
 Swiftness                Air            0%         N/A       100%        3
 Airstrike                Air            0%         2d(0-16)  100%        4
 Dispel Undead            Necr           0%         3d6       100%        4
 Olgreb's Toxic Radiance  Pois           0%         N/A       100%        4
 Alistair's Intoxication  Tmut/Pois      0%         N/A       100%        5
 Death Channel            Necr           0%         N/A       100%        6
 Ozocubu's Refrigeration  Ice            0%         4d7       100%        7


Dungeon Overview and Level Annotations

Branches:
Dungeon (9/15)             Temple (1/1) D:4            Lair (0/5) D:9
    Orc: D:9-12

Altars:
Ashenzari
Dithmenos
Elyvilon
Fedhas
Gozag
Hepliaklqana
Kikubaaqudgha
Makhleb
Nemelex Xobeh
Okawaru
Ru
Sif Muna
Trog
Xom
Yredelemnul

Shops:
D:3 [   D:8 :(

Portals:
Abyss: D:6

Annotations:
D:6 2 transporters, Stormy's ghost, novice OgFE


Message History

The deep elf pyromancer blinks!
A yak comes into view.
The deep elf pyromancer gestures wildly while chanting.
The deep elf pyromancer blinks!
Found 5 stones.
The fire elemental barely misses you.
There is an open door here.
The deep elf pyromancer mumbles some strange words.
The deep elf pyromancer blinks!
The yak is engulfed in blazing flames.
You block the fire elemental's attack.
The deep elf pyromancer barely misses you.
You slash the deep elf pyromancer! You drain the deep elf pyromancer.
The deep elf pyromancer is moderately wounded.
You slash the fire elemental! The fire elemental hits you.
The fire elemental burns you!
* * * LOW HITPOINT WARNING * * *
The deep elf pyromancer hits you but does no damage.
You slash the deep elf pyromancer!
The deep elf pyromancer is severely wounded.
You closely miss the fire elemental. The fire elemental hits you.
* * * LOW HITPOINT WARNING * * *
The fire elemental burns you!
* * * LOW HITPOINT WARNING * * *
The deep elf pyromancer casts a spell at you.
The sticky flame hits you but does no damage.
You are covered in liquid flames!
The yak snorts and paws the ground.
You closely miss the deep elf pyromancer.
The deep elf pyromancer is severely wounded.
You slash the fire elemental!
You are covered in liquid flames!
* * * LOW HITPOINT WARNING * * *
The fire elemental closely misses you.
The deep elf pyromancer hits you but does no damage.
You slice the deep elf pyromancer!!
You kill the deep elf pyromancer!
The fire elemental disappears in a puff of smoke!
You are covered in liquid flames!
You die...
Your body crumbles into a pile of gold.

*,*,**,,+...#...###.......#.P.#.#
*,*,,+,,#...#...###.###...#.P.#.#
*,+,*####...'.........#...#.P.#.#
*,*,,+..#...#...###.#.#...#...#.#
*,*,*#..'...#.....#.#.#...#...#.#
,,*,,+..#...#..#.##...#....._.#.#
,**,*##.#####..#....###..##...#.#
****###'### #..#$...............#
** *#.....###..#@#........#.P.###
,**#..###..##.Y§.##.#####.#...#
,*#..##.##..#.°..#....,,..#.P.#
,*#..#...#..#F...#..#####.#.P.#
,.'.##...##.'....#...,,**##...#
###,#.....#.#....#...*,* #...#
,**,#.....#.#....#..>#,* #.P.*
,*#.#.....#§#........#,* *,,,*
**#..[...☼..#..##..#**,****,,,*


You could see a yak and a bullfrog.

Vanquished Creatures
  A deep elf pyromancer (D:9)
  An ugly thing (D:9)
  A hornet (D:9)
  Sigmund (D:2)
  Edmund (D:6)
  A water moccasin (D:8)
  Duvessa (D:5)
  An orc warrior (D:8)
  Pargi (D:4)
  3 black bears
  An ice beast (D:5)
  2 ogres
  A centaur (D:8)
  6 bullfrogs
  2 kobold brigands
  A necrophage (D:8)
  A gnoll sergeant (D:8)
  8 wights
  Dowan (D:5)
  10 killer bees
  4 howler monkeys
  2 jellies (D:7)
  6 hounds
  2 orc priests
  Ijyb (D:3)
  Terence (D:3)
  3 gnoll boudas
  11 orc wizards
  22 gnolls
  5 adders
  A shadow imp (D:6)
  A white imp (D:5)
  An ufetubus (D:6)
  4 dart slugs
  30 orcs
  6 endoplasms
  5 giant cockroaches
  6 goblins
  9 hobgoblins
  3 jackals (D:3)
  5 quokkas
  7 ball pythons
  5 bats
  5 frilled lizards
  17 kobolds
  3 rats
210 creatures vanquished.

Vanquished Creatures (others)
  A fungus (D:9)
1 creature vanquished.

Grand Total: 211 creatures vanquished

Notes
Turn   | Place    | Note
-------+----------+-------------------------------------------
     0 | D:1      | Dorkslayer the Hill Orc Fighter began the quest for the
                  | Orb.
     0 | D:1      | Reached XP level 1. HP: 19/19 MP: 1/1
    92 | D:1      | Reached XP level 2. HP: 27/27 MP: 2/2
   164 | D:1      | Found a faded altar of an unknown god.
   221 | D:1      | Reached skill level 3 in Axes
   246 | D:1      | Reached XP level 3. HP: 6/33 MP: 3/3
   790 | D:2      | Noticed Sigmund
   798 | D:2      | Killed Sigmund
   799 | D:2      | Reached skill level 5 in Axes
   799 | D:2      | Reached XP level 4. HP: 34/41 MP: 4/4
   799 | D:2      | Reached XP level 5. HP: 39/47 MP: 5/5
  1089 | D:2      | Reached XP level 6. HP: 34/55 MP: 6/6
  1958 | D:3      | Noticed Ijyb
  1971 | D:3      | Killed Ijyb
  1972 | D:3      | Reached skill level 5 in Fighting
  2064 | D:3      | Noticed Terence
  2069 | D:3      | Killed Terence
  2070 | D:3      | Reached skill level 6 in Axes
  2244 | D:3      | Found Vesyrut's Antique Armour Shop.
  2553 | D:4      | Noticed Pargi
  2567 | D:4      | Killed Pargi
  2568 | D:4      | Reached skill level 1 in Dodging
  2568 | D:4      | Reached skill level 1 in Evocations
  2781 | D:4      | Reached XP level 7. HP: 41/61 MP: 7/7
  3003 | D:4      | Reached skill level 1 in Stealth
  3082 | D:4      | Reached skill level 7 in Axes
  3348 | D:4      | Found a staircase to the Ecumenical Temple.
  3375 | Temple   | Entered the Ecumenical Temple
  3859 | D:5      | Entered Level 5 of the Dungeon
  3948 | D:5      | Noticed Duvessa
  3948 | D:5      | Noticed Dowan
  3963 | D:5      | Killed Duvessa
  3964 | D:5      | Reached skill level 8 in Axes
  3964 | D:5      | Reached XP level 8. HP: 59/69 MP: 8/8
  3982 | D:5      | Reached skill level 5 in Armour
  3983 | D:5      | Killed Dowan
  4152 | D:5      | Found a bloodstained altar of Trog.
  4357 | D:5      | Reached skill level 9 in Axes
  4631 | D:6      | Reached XP level 9. HP: 46/75 MP: 9/9
  4835 | D:6      | Noticed Stormy's ghost (novice OgFE)
  4846 | D:6      | Found a transporter.
  4879 | D:6      | Noticed Edmund
  4900 | D:6      | Killed Edmund
  4901 | D:6      | Reached skill level 5 in Shields
  4925 | D:6      | Reached skill level 10 in Axes
  5115 | D:6      | Found a transporter.
  5116 | D:6      | Found a one-way gate to the infinite horrors of the Abyss.
  5510 | D:7      | Found an opulent altar of Gozag.
  5518 | D:7      | Became a worshipper of Gozag Ym Sagoz the Greedy
  5652 | D:7      | Reached skill level 5 in Evocations
  6159 | D:7      | Found a blossoming altar of Fedhas.
  6626 | D:8      | Found a broken altar of Ashenzari.
  6663 | D:8      | Reached XP level 10. HP: 61/75 MP: 10/10
  6719 | D:8      | Reached skill level 11 in Axes
  6890 | D:8      | Found Soffed's Tremendous Tomes.
  6969 | D:8      | Found Awelit's Weapon Emporium.
  7893 | D:9      | Found a hazy altar of Hepliaklqana.
  7968 | D:9      | Noticed a brown ugly thing
  7968 | D:9      | Noticed a deep elf pyromancer
  7978 | D:9      | Killed a brown ugly thing
  7979 | D:9      | Reached skill level 12 in Axes
  8000 | D:9      | HP: 2/86 [burnt (7)]
  8001 | D:9      | Killed a deep elf pyromancer
  8001 | D:9      | Incinerated by a deep elf pyromancer

Illustrated notes

Levels and vault maps discovered:
D:1:      minmay_arrival_semitransparent, layout_rooms, basic_ecumenical_altar,
          minmay_tree_intersection, minmay_door_square
D:2:      layout_loops_ring, minmay_split_cup_large, uniq_sigmund
D:3:      layout_basic, serial_shops, nicolae_shop_stone, uniq_ijyb,
          uniq_terence
D:4:      layout_loops_corners, temple_pool_b, uniq_pargi
D:5:      layout_basic, trog_ov_bears_minmay, uniq_duvessa
D:6:      layout_rooms, gammafunk_ghost_abyssal_escape, uniq_edmund
D:7:      layout_basic, mainiacjoe_overflow_brackets,
          nicolae_gozag_cash_rules_everything_around_me
D:8:      layout_basic, mainiacjoe_overflow_small_starburst, serial_shops, shop,
          amcnicky_mini_corridor_feature, nicolae_shop_i_like_big_books
D:9:      minmay_the_grid_4x2 [minmay_the_grid_large_cup,
          minmay_the_grid_embedded, minmay_the_grid_spikes,
          minmay_the_grid_tree, minmay_the_grid_aliased_spiral,
          minmay_the_grid_paths, minmay_the_grid_holed_spiral,
          minmay_the_grid_prize_inner_circle], layout_basic,
          mainiacjoe_overflow_boulevard, mainiacjoe_overflow_chevrons,
          lemuel_tele_altar, nicolae_uskayaw_dance_studio, david_lair_generic,
          chequers_avenue
Temple:   jpeg_temple_alley_garden

Skill      XL: |  1  2  3  4  5  6  7  8  9 10 |
---------------+-------------------------------+-----
Fighting       | 4 5 6 7 |  7.5
Axes           | 3 5 6 8 9 10 12 | 12.0
Armour         | 4 5 6 7 |  7.0
Shields        | 4 5 |  5.7
Dodging        | 1 2 3 |  3.1
Evocations     | 1 2 3 5 6 |  6.1
Stealth        | 1 |  1.9
Throwing       | |  0.3

Action                   |  1- 3 |  4- 6 |  7- 9 | 10-12 || total
-------------------------+-------+-------+-------+-------++-------
Melee: War axe           |    57 |   125 |   439 |   101 ||   722
       Hand axe          |       |       |       |     8 ||     8
Throw: Boomerang         |       |     2 |     4 |     2 ||     8
Evoke: Wand              |       |     6 |    19 |       ||    25
  Use: Potion            |     1 |     2 |     5 |     2 ||    10
       Scroll            |       |     9 |     5 |     2 ||    16
 Stab: Invisible         |       |     2 |       |       ||     2
       Distracted        |       |       |     1 |       ||     1
Armor: Scale mail        |    25 |    64 |   206 |       ||   295
       Skin              |       |       |    25 |       ||    25
       Chain mail        |       |       |     5 |    69 ||    74
Dodge: Dodged            |    37 |    70 |   167 |    42 ||   316
Block: Buckler           |    18 |    29 |   115 |    31 ||   193

Table legend: (Time is in decaauts)
 A = Elapsed time spent in this place.
 B = Non-inter-level travel time spent in this place.
 C = Inter-level travel time spent in this place.
 D = Time resting spent in this place.
 E = Time spent auto-exploring this place.
 F = Levels seen in this place.
 G = Mean time per level.
                   A        B        C        D        E       F      G
               +--------+--------+--------+--------+--------+-----+--------+
         Total |   8091 |   8091 |      0 |    226 |   4417 |  10 |  809.1 |
       Dungeon |   8007 |   8007 |      0 |    226 |   4417 |   9 |  889.7 |
        Temple |     84 |     84 |      0 |      0 |      0 |   1 |   84.0 |
               +--------+--------+--------+--------+--------+-----+--------+

Top non-repeatable levels by time:
     D:4: 1280 daAuts
     D:8: 1248 daAuts
     D:7: 1088 daAuts
     D:3: 935 daAuts
     D:6: 901 daAuts
     D:2: 825 daAuts
     D:1: 807 daAuts
     D:5: 672 daAuts
     D:9: 247 daAuts
  Temple: 84 daAuts
